 Dungeon Crawl Stone Soup version 0.23.1 (webtiles) character file.

Game seed: 405655464073071139

151 zedzed the Cudgeler (level 5, 0/34 HPs)
             Began as a Gargoyle Gladiator on Mar 16, 2019.
             Slain by a worker ant (3 damage)
             ... on level 4 of the Dungeon.
             The game lasted 00:06:27 (1549 turns).

zedzed the Cudgeler (Gargoyle Gladiator)            Turns: 1549, Time: 00:06:28

Health: 0/34       AC:  8    Str: 18    XL:     5   Next: 33%
Magic:  5/5        EV: 12    Int: 14    God:
Gold:   46         SH:  0    Dex: 11    Spells: 4/4 levels left

rFire    . . .     SeeInvis .   a - +0 flail
rCold    . . .     Gourm    .   (no shield)
rNeg     + . .     Faith    .   b - +0 leather armour
rPois    ∞         Spirit   .   j - +0 helmet
rElec    +         Reflect  .   (no cloak)
rCorr    .         Harm     .   (no gloves)
MR       .....                  (no boots)
Stlth    +.........             (no amulet)
HPRegen  0.11/turn              (no ring)
MPRegen  0.09/turn              (no ring)

@: brilliant
A: negative energy resistance 1, electricity resistance, unbreathing,
petrification resistance, rot immunity, AC +4
a: no special abilities


You were on level 4 of the Dungeon.
You were not hungry.

You visited 1 branch of the dungeon, and saw 3 of its levels.

You collected 46 gold pieces.

Inventory:

Hand Weapons
 a - a +0 flail (weapon)
 i - a +0 hunting sling
Missiles
 d - a throwing net (quivered)
Armour
 b - a +0 leather armour (worn)
 c - a +0 helmet
 j - a +0 helmet (worn)
 l - +0 gold dragon scales
Jewellery
 h - a cursed amulet of inaccuracy {unknown}
Scrolls
 g - 2 scrolls of immolation {unknown}
 m - a scroll of magic mapping {unknown}
 o - 2 scrolls of identify {unknown}
Comestibles
 f - 5 rations


   Skills:
 + Level 4.4 Fighting
 + Level 4.6 Maces & Flails
 - Level 1.7 Throwing
 - Level 2.4 Dodging


You had 4 spell levels left.
You didn't know any spells.
Your spell library was empty.

Dungeon Overview and Level Annotations

Branches:
Dungeon (2/15)

Altars:
Wu Jian


Innate Abilities, Weirdness & Mutations

You are resistant to torment.
Your stone body is resilient. (AC +4)
You are immune to poison.
You resist negative energy. (rN+)
You are resistant to electric shocks. (rElec)
You can survive without breathing.
You are immune to petrification.
You are immune to rotting.


Message History

A giant cockroach comes into view.
The worker ant barely misses you.
Found a black potion.
You see here a black potion.
e - a black potion The worker ant barely misses you.
The worker ant bites you.
* * * LOW HITPOINT WARNING * * *
The worker ant bites you.
* * * LOW HITPOINT WARNING * * *
Found a stone staircase leading up.
The giant cockroach waves its antennae.
The worker ant bites you.
* * * LOW HITPOINT WARNING * * *
It was a potion of brilliance.
You feel clever all of a sudden.
The worker ant bites you but does no damage.
There is a stone staircase leading up here.
The worker ant bites you.
You die...

#### ..# #.#
#######.#####
#....@as....#
#.#####.###.#
#.# #.# #.#
#s# #.# #.# #
#.###.###...#
####
..##.........
....
####.####...#
#..# #.# ##


You could see a worker ant and a giant cockroach.

Vanquished Creatures
  3 orc priests (D:4)
  An orc wizard (D:4)
  A leopard gecko (D:1)
  2 orcs (D:4)
  6 bats
  4 goblins
  5 hobgoblins
  5 jackals
  2 kobolds
  A ball python (D:1)
  2 frilled lizards
  3 rats
35 creatures vanquished.

Notes
Turn   | Place    | Note
-------+----------+-------------------------------------------
     0 | D:1      | zedzed the Gargoyle Gladiator began the quest for the Orb.
     0 | D:1      | Reached XP level 1. HP: 12/12 MP: 1/1
   427 | D:1      | Reached XP level 2. HP: 16/18 MP: 2/2
   920 | D:2      | Reached XP level 3. HP: 21/23 MP: 3/3
  1144 | D:2      | You fall through a shaft for 2 floors!
  1205 | D:4      | Reached XP level 4. HP: 13/28 MP: 4/4
  1416 | D:4      | Found an ornate altar of the Wu Jian Council.
  1489 | D:4      | Reached XP level 5. HP: 19/33 MP: 5/5
  1549 | D:4      | Slain by a worker ant

Skill      XL: |  1  2  3  4 |
---------------+-------------+-----
Fighting       | 3 4 |  4.4
Maces & Flails | 4 |  4.6
Throwing       | |  1.7
Dodging        | |  2.4

Action                   |  1- 3 |  4- 6 || total
-------------------------+-------+-------++-------
Melee: Flail             |    88 |    15 ||   103
Throw: Throwing net      |     2 |       ||     2
  Use: Potion            |     2 |     3 ||     5
  Eat: Chunk             |       |     2 ||     2
Armor: Leather armour    |    53 |     8 ||    61
Dodge: Dodged            |    70 |    15 ||    85
